 Dungeon Crawl Stone Soup version 0.28.0 (webtiles) character file.

Game seed: 3134594551870179850

1 spaghetti the Sneak (level 1, -1/21 HPs)
             Began as a Naga Delver on Feb 18, 2022.
             Slain by a hound skeleton (3 damage)
             ... on level 5 of the Dungeon.
             The game lasted 00:00:24 (41 turns).

spaghetti the Sneak (Naga Delver)                     Turns: 41, Time: 00:00:24

Health: -1/21      AC:  1    Str: 14    XL:     1   Next: 20%
Magic:  1/1        EV:  9    Int: 10    God:
Gold:   15         SH:  0    Dex: 12    Spells: 0/0 levels left

rFire   . . .      SeeInvis +   a - +0 falchion
rCold   . . .      Faith    .   (no shield)
rNeg    . . .      Spirit   .   b - +0 leather armour
rPois   +          Reflect  .   (no helmet)
rElec   .          Harm     .   (no cloak)
rCorr   .          Rampage  .   (no gloves)
Will    .....                   (no barding)
Stlth   +++.......              (no amulet)
HPRegen 0.07/turn               (no ring)
MPRegen 0.07/turn               (no ring)

@: hasted, quick
A: AC +0, large, see invisible, deformed body, poison resistance, slowness 2,
spit poison 1, naga tail 1
a: Spit Poison


You were on level 5 of the Dungeon.
You visited 1 branch of the dungeon, and saw 2 of its levels.

You collected 15 gold pieces.

Inventory:

Hand Weapons
 a - a +0 falchion (weapon)
Armour
 b - a +0 leather armour (worn)
Wands
 g - a wand of digging (3)
Scrolls
 c - a scroll of fog
 d - a scroll of magic mapping
 e - a scroll of fear


   Skills:
 + Level 3.0 Fighting
 + Level 2.0 Long Blades
 + Level 1.6 Dodging
 + Level 7.2 Stealth


You couldn't memorise any spells.
You didn't know any spells.
Your spell library was empty.

Dungeon Overview and Level Annotations

Branches:
Dungeon (5/15)
 Temple: D:4-7

Altars:
Gozag


Innate Abilities, Weirdness & Mutations

Your serpentine skin is tough. (AC +0)
You have supernaturally acute eyesight. (SInv)
Armour fits poorly on your strangely shaped body.
Your system is resistant to poisons. (rPois)
You cover ground very slowly.
You can spit poison.
You have a snake-like lower body.


Message History

You have got your breath back.
There is a stone staircase leading up here.
A hound skeleton comes into view.
You can't see any hostile targets in range.
Unknown command.
An orc wizard comes into view.
It is wielding a +0 dagger and carrying a wand of polymorph (12).
The helpless hound skeleton fails to defend itself.
You hit the hound skeleton.
The hound skeleton is lightly damaged.
The hound skeleton misses you. The hound skeleton bites you.
You hit the hound skeleton but do no damage.
The hound skeleton is lightly damaged.
The hound skeleton closely misses you.
You barely miss the hound skeleton.
The hound skeleton is lightly damaged.
The hound skeleton bites you. x2
You hit the hound skeleton.
The hound skeleton is moderately damaged.
The hound skeleton bites you.
You hit the hound skeleton but do no damage.
The hound skeleton is moderately damaged.
The hound skeleton bites you but does no damage.
The hound skeleton bites you.
* * * LOW HITPOINT WARNING * * *
Okay, then.
You feel yourself speed up. The hound skeleton bites you.
* * * LOW HITPOINT WARNING * * *
You barely miss the hound skeleton.
The hound skeleton is moderately damaged.
The hound skeleton barely misses you.
You barely miss the hound skeleton.
The hound skeleton is moderately damaged.
The hound skeleton closely misses you.
You hit the hound skeleton.
The hound skeleton is severely damaged.
The hound skeleton barely misses you.
You closely miss the hound skeleton.
The hound skeleton is severely damaged.
The hound skeleton bites you.
You die...

##.. ........#
........##########
......^##....#..#
#...... #.<....####+
##...###.#>...'....
###.............#.♣..
+.........##....#.♣._
#.Z@....###....#.♣..
##.............+....
#.$.....#...######+
#.......#...#
#.......#...#
#..........
.....###..... #..#..#
....## #..#.. ..###


You could see a hound skeleton.

Vanquished Creatures
  A kobold (D:4)
1 creature vanquished.

Notes
Turn   | Place    | Note
-------+----------+-------------------------------------------
     0 | D:5      | spaghetti the Naga Delver began the quest for the Orb.
     0 | D:5      | Reached XP level 1. HP: 21/21 MP: 1/1
     5 | D:5      | Found an opulent altar of Gozag.
    30 | D:5      | Noticed an orc wizard
    41 | D:5      | Slain by a hound skeleton

Illustrated notes

Levels and vault maps discovered:
D:4:      layout_rooms, mainiacjoe_overflow_small_starburst,
          nicolae_ru_path_of_blood, portal_sewer_entry_d
D:5:      layout_cave_pools, cheibrodos_ashenzari_chains,
          yredelemnul_forgotten_temple_becter,
          mainiacjoe_overflow_six_doors_small, temple_doors_cd,
          corexii_checkpoint_a, water_maze_lemuel

Action                   || total
-------------------------++-------
Melee: Falchion          ||     9
 Abil: Spit Poison       ||     1
  Use: Potion            ||     1
 Stab: Sleeping          ||     1
Armor: Leather armour    ||     1
Dodge: Dodged            ||     5
